 Dungeon Crawl Stone Soup version 0.29-a0-892-g2c4c91d9db (webtiles) character file.

Game seed: 3779504801682426211

106 zeratav the Stinger (level 4, -1/27 HPs)
             Began as an Octopode Venom Mage on July 22, 2022.
             Slain by Pikel
             ... wielding a +2 whip of freezing
              (3 damage)
             ... on level 4 of the Dungeon.
             The game lasted 00:08:17 (3692 turns).

zeratav the Stinger (Octopode Venom Mage)           Turns: 3692, Time: 00:08:18

Health: -1/27      AC:  1    Str:  7    XL:     4   Next: 84%
Magic:  8/16       EV: 13    Int: 25    God:
Gold:   63         SH:  0    Dex: 12    Spells: 4/7 levels left

rFire   . . .      SeeInvis .   k - +2 dagger (holy) {short}
rCold   + . .      Faith    .   (no shield)
rNeg    . . .      Spirit   .   (helmet restricted)
rPois   .          Reflect  .   (no amulet)
rElec   .          Harm     .   b - +6 ring of intelligence
rCorr   .          Rampage  .   j - ring of protection from cold
Will    .....                   l - ring of magical power
Stlth   ++++......              (no ring)
HPRegen 0.09/turn               (no ring)
MPRegen 0.15/turn               (no ring)
                                (no ring)
                                (no ring)

@: no status effects
A: almost no armour, amphibious, 8 rings, camouflage 1, gelatinous body 1,
(nimble swimmer 1), tentacles
a: no special abilities


You were on level 4 of the Dungeon.
You visited 1 branch of the dungeon, and saw 4 of its levels.

You collected 63 gold pieces.


Innate Abilities, Weirdness & Mutations

You cannot wear most types of armour.
You are amphibious.
You can wear up to eight rings at the same time.
Your skin changes colour to match your surroundings (Stealth+).
Your rubbery body absorbs attacks. (AC +1, EV +1)
((You are camouflaged when in or above water. (Stealth+)))
You have tentacles for arms and can constrict up to eight enemies at once.


   Skills:
 - Level 2.0 Dodging
 - Level 5.0 Stealth
 - Level 2.0 Spellcasting
 - Level 1.0 Transmutations
 + Level 5.4 Poison Magic


You had 4 spell levels left.
You knew the following spells:

 Your Spells              Type           Power      Damage    Failure   Level
a - Sting                 Tmut/Pois      72%        1d6       3%          1
b - Poisonous Vapours     Pois/Air       32%        N/A       5%          2

Your spell library contained the following spells:

 Spells                   Type           Power      Damage    Failure   Level
 Beastly Appendage        Tmut           14%        N/A       8%          1
 Spider Form              Tmut/Pois      18%        N/A       9%          3
 Apportation              Tloc           4%         N/A       11%         1
 Necrotise                Necr           8%         1d4       11%         1
 Summon Small Mammal      Summ           8%         N/A       11%         1
 Wereblood                Tmut           7%         N/A       11%         2
 Olgreb's Toxic Radiance  Pois           29%        N/A       12%         4
 Mephitic Cloud           Conj/Pois/Air  11%        N/A       16%         3
 Gell's Gravitas          Tloc           2%         N/A       32%         3
 Lesser Beckoning         Tloc           2%         N/A       32%         3
 Teleport Other           Tloc           2%         N/A       32%         3
 Corpse Rot               Necr/Pois/Air  11%        N/A       47%         4

Inventory:

Hand Weapons
 k - a +2 dagger of holy wrath (weapon) {short}
   (You took it off a kobold on level 1 of the Dungeon)
Jewellery
 b - a +6 ring of intelligence (left tentacle)
   (You found it on level 1 of the Dungeon)
 j - a ring of protection from cold (right tentacle)
   (You found it on level 1 of the Dungeon)
 l - a ring of magical power (on tentacle)
   (You found it on level 1 of the Dungeon)
Scrolls
 c - a scroll of vulnerability {unknown}
 d - 2 scrolls of immolation {unknown}
 e - 2 scrolls of amnesia
 h - 6 scrolls of identify {unknown}
 i - 2 scrolls of teleportation {unknown}
 n - 3 scrolls of noise {unknown}
 o - a scroll of poison {unknown}
 q - a scroll of fog {unknown}
 r - a scroll of enchant weapon {unknown}
 s - a scroll of enchant armour {unknown}
Potions
 a - a potion of magic
 f - a potion of flight {unknown}
 g - 2 potions of curing {unknown}
 m - a potion of mutation {unknown}
 p - a potion of ambrosia {unknown}
 t - a potion of brilliance {unknown}
 u - a potion of lignification {unknown}

Dungeon Overview and Level Annotations

Branches:
Dungeon (4/15) Zot: 20304
 Temple: D:4-7

Altars:

Annotations:
D:4 3 runed translucent doors, exclusion: 2 lemures, OstrichLN's ghost, weakling GnDe; Pikel; bande's ghost, novice GrFi; jimonade's ghost, novice FoHu; xian's ghost, amateur TeFE

#......# #.#
#.####.######.#
#.#..#.....##.#
#.#..#.....##.#
#.#..#.....##.#########
#.#..#>................
#.#..#.##..............
#.#..#K################
#.#..#@#..........#....
#.#..#.#.########.#....
#.#..#.#........#.#....
#.#..#.########.#.#....
#.#......#[####.#.#....
#.##.#.#.#......#.#....
#.#....#.#.#####.......
#.#...............##...
#.#..#.................


You could see Pikel (extremely poisoned).


Message History

(D) Dungeon
Where to? (Enter - D:3, ? - help)
You see here 8 stones {throwing}.
You see here 3 stones {throwing}.
There is a stone staircase leading down here.
You climb downwards.
There is a stone staircase leading up here. 2 lemures come into view.
There is a stone staircase leading up here.
You open the door.
There is an open door here.
OstrichLN's ghost turns its malevolent gaze towards you.
h - 5 scrolls labelled YZUAFRIALY (gained 1) Bande's ghost turns its malevolent gaze towards you.
Jimonade's ghost screams, "You must not succeed where I failed!"
You see here the +1 robe "Tykasch" {rC+ SInv}.
h - 6 scrolls labelled YZUAFRIALY (gained 1)
Found a stone staircase leading down.
An endoplasm comes into view.
The helpless endoplasm fails to defend itself.
You puncture the endoplasm!
You kill the endoplasm!
u - a murky silvery potion Pikel, Merchant of Souls comes into view.
He is wielding a +2 whip of freezing.
Casting: Sting (safe; 3% risk of failure)
Confirm with . or Enter, or press ? or * to list all spells.
Aiming: Poisonous Vapours (safe; 5% risk of failure)
Press: ? - help, Dir - move target, f - Pikel
Aim: Pikel, wielding a +2 whip of freezing and wearing a +0 robe (asleep) Poisonous vapours surround Pikel!
Pikel is poisoned.
MP[-2]
You lost 2 mp, and now have 14/16 mp.
Casting: Poisonous Vapours (safe; 5% risk of failure)
Confirm with . or Enter, or press ? or * to list all spells.
Aiming: Poisonous Vapours (safe; 5% risk of failure)
Press: ? - help, Dir - move target, f/p - Pikel
Aim: Pikel, wielding a +2 whip of freezing and wearing a +0 robe (lightly wounded, poisoned) Poisonous vapours surround Pikel!
Pikel looks even sicker.
MP[-2]
You lost 2 mp, and now have 12/16 mp.
Casting: Poisonous Vapours (safe; 5% risk of failure)
Confirm with . or Enter, or press ? or * to list all spells.
Aiming: Poisonous Vapours (safe; 5% risk of failure)
Press: ? - help, Dir - move target, f/p - Pikel
Aim: Pikel, wielding a +2 whip of freezing and wearing a +0 robe (lightly wounded, very poisoned) Poisonous vapours surround Pikel!
Pikel looks even sicker.
MP[-2]
You lost 2 mp, and now have 10/16 mp.
Casting: Poisonous Vapours (safe; 5% risk of failure)
Confirm with . or Enter, or press ? or * to list all spells.
Aiming: Poisonous Vapours (safe; 5% risk of failure)
Press: ? - help, Dir - move target, f/p - Pikel
Aim: Pikel, wielding a +2 whip of freezing and wearing a +0 robe (lightly wounded, very poisoned) Poisonous vapours surround Pikel!
Pikel looks as sick as possible!
MP[-2]
You lost 2 mp, and now have 8/16 mp.
MP[+1] MP[+1] MP[+1]
Casting: Poisonous Vapours (safe; 5% risk of failure)
Confirm with . or Enter, or press ? or * to list all spells.
Aiming: Sting (safe; 3% risk of failure)
Press: ? - help, Shift-Dir - straight line, f/p - Pikel
Aim: Pikel, wielding a +2 whip of freezing and wearing a +0 robe (severely wounded, poisoned, 67% to hit)
The sting hits Pikel.
Pikel looks even sicker.
MP[-1]
You lost 1 mp, and now have 10/16 mp.
Casting: Sting (safe; 3% risk of failure)
Confirm with . or Enter, or press ? or * to list all spells.
Aiming: Sting (safe; 3% risk of failure)
Press: ? - help, Shift-Dir - straight line, f/p - Pikel
Aim: Pikel, wielding a +2 whip of freezing and wearing a +0 robe (almost dead, very poisoned, 67% to hit)
The sting hits Pikel but does no damage.
Pikel looks even sicker.
Pikel says, "You'll rust in Dis!"
Pikel hits you with a +2 whip of freezing!
Pikel freezes you.
HP[-12]
You take 12 damage, and now have 15/27 hp.
MASSIVE DAMAGE!! (PAUSE)
Casting: Sting (safe; 3% risk of failure)
Confirm with . or Enter, or press ? or * to list all spells.
Aiming: Sting (safe; 3% risk of failure)
Press: ? - help, Shift-Dir - straight line, f/p - Pikel
Aim: Pikel, wielding a +2 whip of freezing and wearing a +0 robe (almost dead, very poisoned, 67% to hit)
The sting hits Pikel but does no damage.
Pikel looks as sick as possible!
Pikel barely misses you.
MP[-1]
You lost 1 mp, and now have 9/16 mp.
Casting: Sting (safe; 3% risk of failure)
Confirm with . or Enter, or press ? or * to list all spells.
Aiming: Sting (safe; 3% risk of failure)
Press: ? - help, Shift-Dir - straight line, f/p - Pikel
Aim: Pikel, wielding a +2 whip of freezing and wearing a +0 robe (almost dead, extremely poisoned, 67% to hit)
The sting hits Pikel but does no damage.
Pikel looks as sick as possible!
Pikel hits you with a +2 whip of freezing!
* * * LOW HITPOINT WARNING * * *
Pikel freezes you.
You die...

Skill      XL: |  1  2  3  4 |
---------------+-------------+-----
Stealth        | 3 4 5 |  5.0
Poison Magic   | 4 5 |  5.4
Dodging        | |  2.0
Spellcasting   | |  2.0
Transmutations | |  1.0

Action                   |  1- 3 |  4- 6 || total
-------------------------+-------+-------++-------
Melee: Unarmed           |    30 |       ||    30
       Tentacles         |    59 |     3 ||    62
       Constrict         |    16 |     5 ||    21
       Club              |    18 |       ||    18
       Dagger            |   146 |    15 ||   161
       Punch             |     3 |     2 ||     5
 Cast: Sting             |    19 |    11 ||    30
       Poisonous Vapours |       |    10 ||    10
  Use: Scroll            |     1 |       ||     1
 Stab: Sleeping          |     6 |     5 ||    11
       Distracted        |       |     1 ||     1
Armor: Skin              |     7 |       ||     7
Dodge: Dodged            |    51 |     9 ||    60

Levels and vault maps discovered:
D:1:      enne_arrival_octagon_isle, layout_loops_cross
D:2:      layout_rooms, shapermc_ecumenical_altar_pompeii, serial_forest,
          infiniplex_forest_clump_large, infiniplex_forest_clump_large,
          infiniplex_forest_end_1, infiniplex_forest_lined_3_way,
          infiniplex_forest_clump_small, infiniplex_forest_clump_curved,
          infiniplex_forest_pool
D:3:      layout_basic
D:4:      layout_basic, gammafunk_ghost_cemetery,
          nicolae_concentric_dashed_squares_wild, uniq_pikel

Notes
Turn   | Place    | Note
-------+----------+-------------------------------------------
     0 | D:1      | zeratav the Octopode Venom Mage began the quest for the
                  | Orb.
     0 | D:1      | Reached XP level 1. HP: 11/11 MP: 3/3
     0 | D:1      | magus.rc [v1.9.6]
     1 | D:1      | You pick up a book of Displacement and begin reading...
     1 | D:1      | You add the spells Lesser Beckoning, Gell's Gravitas and
                  | Teleport Other to your library.
    74 | D:1      | HP: 2/11 [frozen (4)]
    76 | D:1      | Reached skill level 3 in Stealth
   394 | D:1      | Reached XP level 2. HP: 17/17 MP: 1/5
   398 | D:1      | Reached skill level 4 in Poison Magic
   941 | D:1      | Reached XP level 3. HP: 21/21 MP: 6/6
  1134 | D:1      | Reached skill level 4 in Stealth
  1175 | D:1      | You fall into a shaft and drop 1 floor!
  1418 | D:2      | You pick up a book of Vapours and begin reading...
  1507 | D:2      | You pick up a book of Cantrips and begin reading...
  1507 | D:2      | You add the spells Necrotise, Summon Small Mammal and
                  | Apportation to your library.
  1687 | D:2      | Learned a level 2 spell: Poisonous Vapours
  1703 | D:2      | Found a faded altar of an unknown god.
  2165 | D:3      | Reached XP level 4. HP: 27/27 MP: 7/7
  2552 | D:3      | You pick up a book of Changes and begin reading...
  2552 | D:3      | You add the spells Beastly Appendage, Wereblood and Spider
                  | Form to your library.
  2760 | D:3      | HP: 6/27 [gnoll/+0 club (2)]
  2765 | D:3      | Reached skill level 5 in Poison Magic
  2846 | D:3      | Reached skill level 5 in Stealth
  3483 | D:4      | Noticed a lemure
  3483 | D:4      | Noticed a lemure
  3489 | D:4      | Found a runed translucent gate.
  3490 | D:4      | Found a runed translucent gate.
  3491 | D:4      | Found a runed translucent gate.
  3492 | D:4      | Noticed OstrichLN's ghost (weakling GnDe)
  3493 | D:4      | Noticed bande's ghost (novice GrFi)
  3493 | D:4      | Noticed xian's ghost (amateur TeFE)
  3493 | D:4      | Noticed jimonade's ghost (novice FoHu)
  3510 | D:4      | Identified the +1 robe "Tykasch" {rC+ SInv}
  3664 | D:4      | Noticed Pikel
  3692 | D:4      | HP: 2/27 [Pikel/+2 whip of freezing (13)]
  3692 | D:4      | Slain by Pikel

Vanquished Creatures
  3 gnolls (D:3)
  An adder (D:3)
  A worm (D:3)
  2 dart slugs
  8 endoplasms
  3 giant cockroaches
  7 goblins
  5 hobgoblins
  3 jackals (D:1)
  2 quokkas (D:3)
  3 ball pythons
  3 bats (D:1)
  3 frilled lizards
  7 kobolds
  7 rats
  A bush (D:2)
59 creatures vanquished.

Vanquished Creatures (others)
  A plant (D:2)
1 creature vanquished.

Grand Total: 60 creatures vanquished

Table legend:
 A = Non-vault XP
 B = Vault XP
 C = Vault XP percentage of total XP
 D = Non-vault monster count
 E = Vault monster count
 F = Vault count percentage of total count
                 A         B        C        D         E       F
            +---------+---------+-------+---------+---------+-------
      Total |     152 |       0 |   0.0 |      58 |       0 |   0.0
            +---------+---------+-------+---------+---------+-------
        D:1 |      46 |       0 |   0.0 |      26 |       0 |   0.0
        D:2 |      23 |       0 |   0.0 |      15 |       0 |   0.0
        D:3 |      81 |       0 |   0.0 |      16 |       0 |   0.0
        D:4 |       2 |       0 |   0.0 |       1 |       0 |   0.0
            +---------+---------+-------+---------+---------+-------

Illustrated notes

Table legend:
 A = Kills in this place as a percentage of kills in entire the game.
 B = Kills by you in this place as a percentage of kills by you in the entire game.
 C = Kills by friends in this place as a percentage of kills by friends in the entire game.
 D = Other kills in this place as a percentage of other kills in the entire game.
 E = Experience gained in this place as a percentage of experience gained in the entire game.
 F = Experience gained in this place divided by the number of levels of this place that you have seen.
                   A       B       C       D       E      F
               +-------+-------+-------+-------+-------+----------------------
         Total | 100.0 | 100.0 |   N/A |   N/A | 100.0 |  38.0
       Dungeon | 100.0 | 100.0 |   N/A |   N/A | 100.0 |  38.0
               +-------+-------+-------+-------+-------+----------------------

Table legend: (Time is in decaauts)
 A = Elapsed time spent in this place.
 B = Non-inter-level travel time spent in this place.
 C = Inter-level travel time spent in this place.
 D = Time resting spent in this place.
 E = Time spent auto-exploring this place.
 F = Levels seen in this place.
 G = Mean time per level.
                   A        B        C        D        E       F      G
               +--------+--------+--------+--------+--------+-----+--------+
         Total |   3694 |   3448 |    246 |    418 |   2395 |   4 |  923.5 |
       Dungeon |   3694 |   3448 |    246 |    418 |   2395 |   4 |  923.5 |
               +--------+--------+--------+--------+--------+-----+--------+

Top non-repeatable levels by time:
     D:1: 1384 daAuts
     D:3: 1319 daAuts
     D:2: 780 daAuts
     D:4: 209 daAuts
